 Dungeon Crawl Stone Soup version 0.30.0-29-ga12c61a403 (webtiles) character file.

Game seed: 3876162257705693355

1931 monsoonserge the Skirmisher (level 9, 0/74 HPs)
             Began as a Meteoran Gladiator on June 22, 2023.
             Was an Initiate of Yredelemnul.
             Slain by a killer bee (4 damage)
             ... on level 7 of the Dungeon.
             The game lasted 00:21:20 (2535 turns).

monsoonserge the Skirmisher (Meteoran Gladiator)    Turns: 2535, Time: 00:21:20

Health: 0/74       AC: 11    Str: 16    XL:     9   Next: 67%
Magic:  13/13      EV: 12    Int: 11    God:    Yredelemnul [......]
Gold:   308        SH:  0    Dex: 19    Spells: 8/8 levels left

rFire   + . .        a - +4 short sword (freeze)
rCold   + + +        (no shield)
rNeg    . . .        m - +2 scale mail {rC+}
rPois   .            c - +0 helmet
rElec   .            A - scarf {repulsion}
rCorr   .            (no gloves)
SInv    .            s - +0 pair of boots
Will    +....        (no amulet) Stlth
                     q - ring "Kikluo" {rF+ rC+}
HPRegen 0.32/turn    (no ring)
MPRegen 0.13/turn

%: repel missiles
@: lethally poisoned (0 -> -4), glowing
A: sense surroundings 2, otherworldly, glowing, explore regen, cold resistance
1, low MP 1
a: Renounce Religion, Recall Undead Harvest


You were on level 7 of the Dungeon.
You worshipped Yredelemnul.
Yredelemnul was noncommittal.
You visited 2 branches of the dungeon, and saw 8 of its levels.

You collected 308 gold pieces.

Inventory:

Hand Weapons
 a - a +4 short sword of freezing (weapon)
 b - the +6 sling of the Nexus {freeze, rPois rN+ SInv}
   (You found it on level 2 of the Dungeon)

   rPois:     It protects you from poison.
   rN:        It protects you from negative energy.
   SInv:      It lets you see invisible.
Missiles
 d - 4 throwing nets
 e - a javelin
 n - 11 poisoned darts (quivered)
Armour
 c - a +0 helmet (worn)
 m - a +2 scale mail of cold resistance (worn)
 s - a +0 pair of boots (worn)
 A - a scarf of repulsion (worn)
Jewellery
 q - the ring "Kikluo" (left hand) {rF+ rC+}
   (You found it on level 3 of the Dungeon)

   [ring of protection from cold]

   rF:        It protects you from fire.
   rC:        It protects you from cold.
Wands
 l - a wand of iceblast (9)
 o - a wand of light (6)
 v - a wand of mindburst (18)
Scrolls
 f - a scroll of fear {unknown}
 g - 4 scrolls of teleportation {unknown}
 j - a scroll of magic mapping {unknown}
 k - a scroll of summoning {unknown}
 p - 3 scrolls of vulnerability {unknown}
 t - 2 scrolls of identify {unknown}
 u - a scroll of immolation {unknown}
 y - a scroll of silence {unknown}
 z - a scroll of enchant armour {unknown}
 B - a scroll of poison {unknown}
Potions
 h - 3 potions of curing
 i - a potion of attraction {unknown}
 r - a potion of might {unknown}
 w - a potion of mutation
 x - a potion of degeneration {unknown}
 C - a potion of ambrosia {unknown}


   Skills:
 + Level 5.2 Fighting
 + Level 5.2 Long Blades
 + Level 8.1 Ranged Weapons
 + Level 2.5 Throwing
 + Level 4.3 Armour
 + Level 5.0 Dodging
 * Level 6.3 Invocations


You had 8 spell levels left.
You didn't know any spells.
Your spell library contained the following spells:

 Spells                   Type           Power      Damage    Failure   Level
 Freeze                   Ice            0%         1d3       77%         1
 Magic Dart               Conj           0%         1d3       77%         1
 Searing Ray              Conj           0%         2d4       88%         2
 Call Canine Familiar     Summ           0%         N/A       98%         3
 Frozen Ramparts          Ice            0%         1d1       98%         3
 Hailstorm                Conj/Ice       0%         3d3       98%         3
 Portal Projectile        Hex/Tloc       0%         N/A       98%         3
 Fulminant Prism          Conj/Hex       0%         3d5       100%        4
 Leda's Liquefaction      Hex/Erth       0%         N/A       100%        4


Dungeon Overview and Level Annotations

Branches:
Dungeon (7/15) Zot: 1563   Temple (1/1) D:5 Zot: 594

Altars:
Ashenzari
Gozag
Sif Muna
Trog
Yredelemnul
The Shining One

Annotations:
D:7 Menkaure


Innate Abilities, Weirdness & Mutations

You passively map the area around you.
You are easily found by Zot.
You glow in the dark.
You regain HP and MP as you explore.
Your flesh is cold resistant. (rC+)
Your magical capacity is low. (-10% MP)


Message History

Your killer bee zombie is destroyed!
The killer bee closely misses you. The killer bee stings you.
You are poisoned.
The killer bee poisons you!
Menkaure calls on the powers of darkness!
Your body is wracked with pain!
The killer bee convulses! x3
The killer bee stings you.
You are more poisoned.
The killer bee poisons you!
The killer bee stings you but does no damage.
Okay, then.
It was a potion of curing.
You feel better.
The killer bee stings you but does no damage.
The killer bee misses you. x2; The killer bee closely misses you.
The killer bee stings you.
You are poisoned.
The killer bee poisons you!
It was a potion of mutation.
You feel extremely strange.
You feel less energetic.
You feel resistant to cold.
You feel sick.
The killer bee stings you but does no damage.
The killer bee closely misses you.
The killer bee stings you but does no damage.
The killer bee barely misses you. x2
The killer bee stings you but does no damage.
The killer bee stings you. x2
Menkaure calls on the powers of darkness!
Your body is wracked with pain!
* * * LOW HITPOINT WARNING * * *
The killer bee convulses! x4
It was a potion of magic.
Magic courses through your body.
You feel sick. The killer bee barely misses you. The killer bee stings you.
* * * LOW HITPOINT WARNING * * *
The killer bee completely misses you. The killer bee stings you.
* * * LOW HITPOINT WARNING * * *
The killer bee stings you.
* * * LOW HITPOINT WARNING * * *
The killer bee stings you.
You die...
Your body rises from the dead as a mindless zombie.

, ,, * * * ~ ,
,.......>.......,
............... ,
, ~
................ ,
* ~
................,
, ,
................ ,
* * , *
........./...... *
................ *
.......y@...M... ,
.......yyy...^..
,,, ,
.......<........,
, *
................,
, ,
................ ,
................
,,
................ ,
, * *
........(.......
,,
................,,


You could see Menkaure and 4 killer bees.

Vanquished Creatures
  Grinder (D:6)
  2 black bears
  2 ogres
  A phantom (D:6)
  3 scorpions
  8 wights
  A killer bee (D:7)
  A howler monkey (D:7)
  A hound (D:5)
  2 jellies
  A sleepcap (D:4)
  3 iguanas
  3 gnolls (D:4)
  6 adders
  A shadow imp (D:7)
  A white imp (D:4)
  A worm (D:2)
  A dart slug (D:2)
  9 orcs
  6 ball pythons
  6 bats
  5 endoplasms
  3 giant cockroaches
  5 hobgoblins
  4 jackals (D:3)
  4 kobolds
  7 quokkas
  2 frilled lizards (D:3)
  6 goblins
  A rat (D:1)
97 creatures vanquished.

Vanquished Creatures (collateral kills)
  A phantom (D:5)
  Blork the orc (D:4)
  A scorpion (D:6)
  A wight (D:5)
  2 ball pythons
  An endoplasm (D:4)
  A giant cockroach (D:4)
  2 goblins
  A kobold (D:1)
  A quokka (D:1)
  3 bats
15 creatures vanquished.

Vanquished Creatures (others)
  A scorpion zombie (D:5)
  A killer bee zombie (D:7)
  An ogre zombie (D:5)
  2 iguana zombies (D:5)
  An adder zombie (D:4)
  3 bat zombies
  A gnoll zombie (D:4)
  2 endoplasm zombies (D:4)
  A goblin zombie (D:4)
  A hobgoblin zombie (D:4)
  An orc zombie (D:5)
  A quokka zombie (D:4)
16 creatures vanquished.

Grand Total: 128 creatures vanquished

Notes
Turn   | Place    | Note
-------+----------+-------------------------------------------
     0 | D:1      | monsoonserge the Meteoran Gladiator began the quest for the
                  | Orb.
     0 | D:1      | Reached XP level 1. HP: 17/17 MP: 2/2
   115 | D:1      | Reached XP level 2. HP: 21/24 MP: 3/3
   178 | D:1      | Found a faded altar of an unknown god.
   202 | D:1      | Prayed at the altar of an unknown god.
   202 | D:1      | Became a worshipper of Yredelemnul the Dark
   202 | D:1      | Reached * piety under Yredelemnul
   251 | D:1      | Reached XP level 3. HP: 29/29 MP: 4/4
   380 | D:1      | Reached ** piety under Yredelemnul
   449 | D:2      | Reached XP level 4. HP: 37/37 MP: 5/5
   451 | D:2      | Identified the +6 sling of the Nexus {freeze, rPois rN+
                  | SInv}
   701 | D:3      | Reached skill level 1 in Invocations
   803 | D:3      | Identified the ring "Kikluo" {rF+ rC+}
   850 | D:3      | Reached skill level 5 in Long Blades
   958 | D:3      | Reached XP level 5. HP: 42/42 MP: 6/6
  1074 | D:4      | Noticed a black bear
  1081 | D:4      | Killed a black bear
  1082 | D:4      | Reached skill level 2 in Ranged Weapons
  1082 | D:4      | Reached skill level 1 in Armour
  1082 | D:4      | Reached XP level 6. HP: 28/50 MP: 6/8
  1151 | D:4      | Found a bloodstained altar of Trog.
  1199 | D:4      | Reached skill level 3 in Ranged Weapons
  1321 | D:4      | Noticed Blork the orc
  1326 | D:4      | Killed Blork the orc
  1327 | D:4      | Reached XP level 7. HP: 56/57 MP: 8/10
  1351 | D:5      | Entered Level 5 of the Dungeon
  1375 | D:5      | Reached skill level 4 in Ranged Weapons
  1563 | D:5      | Reached XP level 8. HP: 59/64 MP: 11/11
  1784 | D:5      | Reached skill level 5 in Ranged Weapons
  1895 | D:5      | Found a staircase to the Ecumenical Temple.
  1902 | Temple   | Entered the Ecumenical Temple
  2047 | D:6      | Noticed Grinder
  2054 | D:6      | Killed Grinder
  2055 | D:6      | Reached skill level 6 in Ranged Weapons
  2055 | D:6      | Reached skill level 5 in Invocations
  2080 | D:6      | Gained mutation: You passively map the area around you.
                  | [Meteoran growth]
  2080 | D:6      | Reached XP level 9. HP: 68/72 MP: 13/13
  2317 | D:6      | Reached skill level 7 in Ranged Weapons
  2337 | D:6      | Reached skill level 5 in Fighting
  2337 | D:6      | Reached skill level 5 in Dodging
  2498 | D:6      | Reached skill level 8 in Ranged Weapons
  2527 | D:7      | Noticed Menkaure
  2534 | D:7      | Gained mutation: Your magical capacity is low. (-10% MP)
                  | [potion of mutation]
  2534 | D:7      | Gained mutation: Your flesh is cold resistant. (rC+)
                  | [potion of mutation]
  2535 | D:7      | Slain by a killer bee

Illustrated notes

Levels and vault maps discovered:
D:1:      matt_arrival_refuge, layout_rooms, serial_bayou, serial_bayou_pond_c,
          serial_bayou_crossing, serial_bayou_pond_c, serial_bayou_pond_d,
          shapermc_ecumenical_altar_starsandcircs, minmay_crystal_room
D:2:      layout_rooms, minmay_hexomino_p4
D:3:      layout_loops_ring
D:4:      minmay_wonky_spiral, layout_rooms, overflow_temple_1_default,
          uniq_blork_the_orc
D:5:      layout_basic, minmay_temple_entry_trees, kennysheep_generic_room_3
D:6:      black_bear_nest_1, layout_loops_cross, nicolae_eternal_life,
          uniq_grinder
D:7:      layout_basic, serial_shops, nicolae_lakefront_shop, dk_noncrumbling_2,
          kennysheep_windowed_goal, uniq_menkaure
Temple:   hellmonk_temple_of_storms

Skill      XL: |  1  2  3  4  5  6  7  8  9 |
---------------+----------------------------+-----
Long Blades    | 4 5 |  5.2
Dodging        | 4 5 |  5.0
Invocations    | 1 2 3 5 6 |  6.3
Ranged Weapons | 2 3 4 6 8 |  8.1
Armour         | 1 2 3 4 |  4.3
Fighting       | 3 4 5 |  5.2
Throwing       | |  2.5

Action                     |  1- 3 |  4- 6 |  7- 9 || total
---------------------------+-------+-------+-------++-------
  Melee: Long sword        |    60 |    10 |       ||    70
         Short sword       |       |       |    11 ||    11
         Punch             |       |       |     1 ||     1
   Fire: Sling             |       |    79 |   142 ||   221
  Throw: Dart              |       |       |     1 ||     1
 Invoke: Recall Undead Har |       |       |     1 ||     1
    Use: Potion            |       |       |     3 ||     3
 Armour: Leather armour    |    25 |       |       ||    25
         Ring mail         |     6 |       |       ||     6
         Scale mail        |       |    32 |    42 ||    74
  Dodge: Dodged            |    37 |    43 |    61 ||   141
